 Dungeon Crawl Stone Soup version 0.20-a0-472-g5c05303 (webtiles) character file.

18358 Derfel the Cleaver (level 12, -4/80 HPs)
             Began as a Hill Orc Fighter on Jan 14, 2017.
             Was a Priest of Qazlal.
             Slain by a sixfirhy (5 damage)
             ... led by a cacodemon
             ... on level 2 of the Abyss.
             The game lasted 00:53:52 (14931 turns).

Derfel the Cleaver (Hill Orc Fighter)              Turns: 14931, Time: 00:53:53

Health: -4/80      AC: 20    Str: 24    XL:     12   Next: 57%
Magic:  16/16      EV:  7    Int:  4    God:    Qazlal [***...]
Gold:   799        SH:  4    Dex: 20    Spells: 11/11 levels left

rFire  . . .     SeeInvis .     a - +0 war axe
rCold  . . .     Gourm    +     R - +1 plate armour
rNeg   . . .     Faith    .     (no shield)
rPois  .         Spirit   .     (helmet restricted)
rElec  .         Reflect  .     T - +1 cloak
rCorr  .         Harm     .     h - +1 pair of gloves
MR     .....                    v - +2 pair of boots
Stlth  ..........               r - amulet of the gourmand
                                H - +6 ring of dexterity
                                l - +4 ring of strength

@: about to teleport
A: antennae 1, deformed body, dopey 2, frail 3, low mp 2, subdued magic 2
a: Upheaval, Elemental Force, Renounce Religion


You were on level 2 of the Abyss.
You worshipped Qazlal.
Qazlal was most pleased with you.
You were very full.

You visited 3 branches of the dungeon, and saw 14 of its levels.
You visited the Abyss 1 time.

You collected 799 gold pieces.

Inventory:

Hand Weapons
 a - a +0 war axe (weapon)
 b - the +6 flail of Conflict {holy, -Tele rF+ rC+ MR+}
   (You found it on level 11 of the Dungeon)

   It has been blessed by the Shining One to cause great damage to the undead
   and demons.
   It protects you from fire.
   It protects you from cold.
   It affects your resistance to hostile enchantments.
   It prevents most forms of teleportation.
Missiles
 e - 236 stones (quivered)
 x - a throwing net
Armour
 c - a +1 shield
 h - a +1 pair of gloves (worn)
 v - a +2 pair of boots (worn)
 R - a +1 plate armour (worn)
 T - a +1 cloak (worn)
Jewellery
 l - a +4 ring of strength (left hand)
 r - an amulet of the gourmand (around neck)
 H - a +6 ring of dexterity (right hand)
 J - a +1 ring of evasion
 O - an uncursed ring of fire
 P - an uncursed ring of positive energy
Wands
 o - a wand of confusion (5/48)
 p - a wand of random effects (34/48)
 z - a wand of polymorph (10/24)
 G - a wand of digging (0/24)
 K - a wand of iceblast (3/15)
 L - a wand of lightning (5/15)
 U - a wand of clouds (4/9)
 X - a wand of polymorph (14/24)
 Y - a wand of paralysis (3/24)
 Z - a wand of lightning (0/15)
Scrolls
 g - 6 scrolls of remove curse {@r2}
 i - 3 scrolls of teleportation
 j - 2 scrolls of enchant armour
 u - a scroll of recharging
 y - 3 scrolls of immolation
 S - a scroll of holy word {unknown}
Potions
 d - a potion of magic
 s - 3 potions of mutation
 t - a potion of flight
 w - 2 potions of ambrosia
 A - a potion of curing {@q1}
 I - 2 potions of might
 M - a potion of cure mutation
 Q - 2 potions of lignification
Books
 q - a book of Minor Magic

   Spells                             Type                      Level
   a - Magic Dart                     Conjuration                  1
   b - Blink                          Translocation                2
   c - Call Imp                       Summoning                    2
   d - Repel Missiles                 Charms/Air                   2
   e - Slow                           Hexes                        2
   f - Conjure Flame                  Conjuration/Fire             3
   g - Mephitic Cloud                 Conjuration/Poison/Air       3
 F - a book of Maledictions

   Spells                             Type                      Level
   a - Corona                         Hexes                        1
   b - Ensorcelled Hibernation        Hexes/Ice                    2
   c - Confuse                        Hexes                        3
   d - Tukima's Dance                 Hexes                        3
   e - Dazzling Spray                 Conjuration/Hexes            3
 V - a book of Battle

   Spells                             Type                      Level
   a - Infusion                       Charms                       1
   b - Shroud of Golubria             Charms/Translocation         2
   c - Song of Slaying                Charms                       2
   d - Spectral Weapon                Hexes/Charms                 3
   e - Regeneration                   Charms/Necromancy            3
 W - a book of Flames

   Spells                             Type                      Level
   a - Flame Tongue                   Conjuration/Fire             1
   b - Throw Flame                    Conjuration/Fire             2
   c - Conjure Flame                  Conjuration/Fire             3
   d - Inner Flame                    Hexes/Fire                   3
   e - Sticky Flame                   Conjuration/Fire             4
   f - Fireball                       Conjuration/Fire             5
Miscellaneous
 n - a phantom mirror
Comestibles
 f - 12 bread rations
 k - 8 fruits
 m - 10 meat rations
 B - 5 beef jerkies
 D - 9 slices of pizza


   Skills:
 + Level 13.0 Fighting
 + Level 13.7 Axes
 + Level 12.0 Armour
 - Level 3.3 Shields
 + Level 10.8 Invocations


You had 11 spell levels left.
You didn't know any spells.

Dungeon Overview and Level Annotations

Branches:
Dungeon (11/15)            Temple (1/1) D:6            Lair (2/6) D:9
  Snake (0/4) Lair:2          Orc (0/2) D:10
  Swamp: Lair:2-4    Shoals: Lair:2-4

Altars:
Ashenzari
Cheibriados
Dithmenos
Elyvilon
Hepliaklqana
Nemelex Xobeh
Qazlal
Ru
Sif Muna
Uskayaw
Zin
The Shining One

Shops:
D:8 %

Annotations:
Lair:2 Sonja


Innate Abilities, Weirdness & Mutations

You have a pair of small antennae on your head.
[Armour fits poorly on your strangely shaped body.]
[You are very dopey. (Int -4)]
[You are extremely frail. (-30% HP)]
[Your magical capacity is very low. (-20% MP)]
[Your spells are easier to cast, but less powerful.]


Message History

The cacodemon hits you but does no damage. x2
The raiju closely misses you.
You feel yourself growing ill in the presence of the ancient zyme.
The sixfirhy hits you but does no damage. x2
The raiju bursts into living lightning!
The living lightning hits the sixfirhy.
The sixfirhy completely resists.
The living lightning hits you!
* * * LOW HITPOINT WARNING * * *
The living lightning misses you.
The living lightning hits the sixfirhy.
The sixfirhy completely resists.
The living lightning hits the sixfirhy.
The sixfirhy completely resists.
The raiju blinks! x5
An ancient zyme and a wretched star come into view.
You feel better.
You hear a horrible gurgling sound!
The sixfirhy closely misses you. The sixfirhy hits you!
* * * LOW HITPOINT WARNING * * *
The sixfirhy shocks you!
* * * LOW HITPOINT WARNING * * *
The sixfirhy hits you.
You die...

# ######## .#
#. . h##. *.
#.#..##..# ##.#
#...{# #3#2.# #
.##.#######@##
..
......h.h.h3.h#
##
.#h#####.####
....# #.x
.ยง#...# #.#
#h##....#.# #.#
.###... h. # ..
#.


You could see a cacodemon, a wretched star, an ancient zyme, 2 sixfirhies and 4
raiju.

Vanquished Creatures
  2 two-headed ogres (D:10)
  2 unseen horrors
  Maurice (D:8)
  2 spiny frogs (Lair:1)
  A black mamba (Lair:2)
  A rime drake (Lair:1)
  4 trolls
  3 komodo dragons
  3 hippogriffs
  4 dream sheep (Lair:2)
  10 yaks
  Eustachio (D:4)
  Sigmund (D:2)
  2 wyverns
  A human (D:8)
  3 hogs (D:8)
  2 hungry ghosts
  Grum (D:8)
  4 nagas (Lair:2)
  Menkaure (D:4)
  3 water moccasins
  4 porcupines
  Duvessa (D:7)
  A sky beast (D:9)
  2 ice beasts
  3 black bears
  5 ogres
  4 orc warriors
  13 wolves
  7 centaurs
  7 crocodiles
  A crocodile (shapeshifter) (D:8)
  14 bullfrogs
  Dowan (D:7)
  3 killer bees (D:11)
  7 scorpions
  11 wights
  A howler monkey (D:8)
  4 crimson imps
  A quasit (D:7)
  4 jellies
  Crazy Yiuf (D:7)
  2 bullfrog skeletons
  7 orc priests
  6 hounds
  2 centaur skeletons
  4 iguanas
  Natasha (twice) (D:3)
  6 orc wizards
  10 worker ants
  2 hound zombies
  The ghost of Spectrina the Stinger, a weakling FoVM (D:9)
  2 hound skeletons (D:7)
  4 gnolls (D:5)
  18 adders
  3 shadow imps
  2 oozes
  An adder zombie (D:7)
  An adder skeleton (D:7)
  A worm (D:2)
  5 dart slugs
  7 leopard geckos
  24 orcs
  9 bats
  3 giant cockroaches
  6 goblins
  10 hobgoblins
  16 jackals
  7 quokkas
  5 ball pythons
  9 frilled lizards
  A giant cockroach zombie (D:5)
  12 kobolds
  A leopard gecko zombie (D:5)
  2 quokka skeletons
  9 rats
347 creatures vanquished.

Vanquished Creatures (collateral kills)
  2 dream sheep (Lair:2)
2 creatures vanquished.

Vanquished Creatures (others)
  2 plants (D:9)
2 creatures vanquished.

Grand Total: 351 creatures vanquished

Notes
Turn   | Place    | Note
-------+----------+-------------------------------------------
     0 | D:1      | Derfel the Hill Orc Fighter began the quest for the Orb.
     0 | D:1      | Reached XP level 1. HP: 19/19 MP: 1/1
   107 | D:1      | Reached XP level 2. HP: 10/27 MP: 2/2
   380 | D:1      | Reached XP level 3. HP: 21/33 MP: 3/3
  1151 | D:2      | Noticed Sigmund
  1364 | D:2      | Reached XP level 4. HP: 12/41 MP: 4/4
  2103 | D:3      | Reached XP level 5. HP: 43/47 MP: 5/5
  2346 | D:3      | Reached skill level 5 in Fighting
  2705 | D:3      | Noticed Natasha
  2708 | D:3      | Killed Natasha
  2897 | D:4      | Reached skill level 5 in Axes
  2897 | D:4      | Reached XP level 6. HP: 39/56 MP: 6/6
  2943 | D:4      | Reached skill level 5 in Armour
  2950 | D:4      | Noticed Menkaure
  3216 | D:3      | Noticed Natasha
  3223 | D:3      | Killed Natasha
  3271 | D:4      | Noticed Eustachio
  3288 | D:4      | Killed Eustachio
  3288 | D:4      | Reached XP level 7. HP: 61/63 MP: 7/7
  4002 | D:5      | Entered Level 5 of the Dungeon
  5131 | D:5      | Reached XP level 8. HP: 59/71 MP: 8/8
  5926 | D:6      | Found a staircase to the Ecumenical Temple.
  5933 | Temple   | Entered the Ecumenical Temple
  5958 | Temple   | Became a worshipper of Qazlal Stormbringer
  6073 | D:7      | Reached XP level 9. HP: 82/82 MP: 9/9
  6552 | D:7      | Reached * piety under Qazlal
  6552 | D:7      | Reached skill level 1 in Invocations
  6768 | D:7      | Noticed a hornet
  6773 | D:7      | Paralysed by a hornet for 2 turns
  6777 | D:7      | Paralysed by a hornet for 1 turns
  7203 | D:4      | Killed Menkaure
  7299 | D:2      | Killed Sigmund
  7867 | D:7      | Found a runed door.
  7871 | D:7      | Noticed Crazy Yiuf
  7881 | D:7      | Killed Crazy Yiuf
  7961 | D:7      | Noticed Duvessa
  7961 | D:7      | Noticed Dowan
  7964 | D:7      | Killed Duvessa
  7964 | D:7      | Reached skill level 10 in Axes
  7973 | D:7      | Killed Dowan
  8175 | D:8      | Noticed Maurice
  8195 | D:8      | Reached skill level 10 in Fighting
  8195 | D:8      | Reached XP level 10. HP: 73/93 MP: 11/13
  8198 | D:8      | Killed Maurice
  8199 | D:8      | Reached ** piety under Qazlal
  8286 | D:8      | Noticed Grum
  8318 | D:8      | Killed Grum
  8318 | D:8      | Reached skill level 5 in Invocations
  8606 | D:8      | Killed an unseen horror
  8634 | D:8      | Found Zegirag's Food Emporium.
  9193 | D:8      | Reached skill level 10 in Armour
  9516 | D:8      | Found a large runed door.
  9517 | D:8      | Found a large runed door.
  9538 | D:8      | Noticed a green very ugly thing
 10017 | D:9      | Reached XP level 11. HP: 100/102 MP: 16/16
 10132 | D:9      | Reached *** piety under Qazlal
 10271 | D:9      | Found a staircase to the Lair.
 10590 | D:9      | Noticed Spectrina's ghost (weakling FoVM)
 10601 | D:9      | Killed Spectrina's ghost
 10887 | D:10     | Entered Level 10 of the Dungeon
 11424 | D:10     | Noticed a two-headed ogre
 11434 | D:10     | Killed a two-headed ogre
 11441 | D:10     | Found a staircase to the Orcish Mines.
 11585 | D:10     | Noticed a two-headed ogre
 11616 | D:10     | Found a sparkling altar of Nemelex Xobeh.
 11637 | D:10     | Killed a two-headed ogre
 12346 | D:11     | Killed an unseen horror
 12438 | D:11     | Got a dazzling flail
 12478 | D:11     | Found a labyrinth entrance.
 12556 | D:11     | Identified the +6 flail of Conflict {holy, -Tele rF+ rC+ MR+} (You found it on level 11 of the Dungeon)
 12664 | D:11     | Noticed a red ugly thing
 12752 | D:9      | Gained mutation: You have a pair of small antennae on your head. [potion of beneficial mutation]
 12755 | Lair:1   | Entered Level 1 of the Lair of Beasts
 12843 | Lair:1   | Reached XP level 12. HP: 85/112 MP: 19/19
 13360 | Lair:1   | Reached **** piety under Qazlal
 13649 | Lair:1   | Reached skill level 10 in Invocations
 14147 | Lair:2   | Found a staircase to the Snake Pit.
 14413 | Lair:2   | Noticed Sonja
 14666 | Lair:2   | Cast into level 2 of the Abyss (Sonja)
 14666 | Abyss:2  | Found a corrupted altar of Lugonu.
 14683 | Abyss:2  | Noticed a wretched star
 14685 | Abyss:2  | Noticed a thrashing horror
 14927 | Abyss:2  | Noticed a cacodemon
 14931 | Abyss:2  | Noticed a wretched star
 14931 | Abyss:2  | HP: 1/80 [sixfirhy[a cacodemon] (10)]
 14931 | Abyss:2  | Slain by a sixfirhy

Vault maps used:
D:1:      minmay_arrival_split_and_join
D:2:      uniq_sigmund
D:3:      uniq_natasha
D:4:      uniq_eustachio, uniq_menkaure
D:5:      first_bread
D:6:      minivault_11
D:7:      uniq_duvessa, uniq_crazy_yiuf_cottage
D:8:      serial_shops, kennysheep_little_box, grunt_livestock,
          jmf_multi_god_temple2, uniq_grum, uniq_maurice
D:9:      david_lair_shrubbed
D:10:     orc_0_dummy, nemelex_diamond_rough_becter
D:11:     lab_entry_generic
Temple:   nicolae_temple_the_god_donut
Lair:1:   hangedman_lair_generics_rect, grunt_megastairs_2
Lair:2:   minmay_snake_entry_guardpost_small, minmay_lair_oklob_items,
          st_stairs_13, minivault_26, beast_lair_carwin_5, uniq_erica,
          uniq_sonja

Skill      XL: |  1  2  3  4  5  6  7  8  9 10 11 12 |
---------------+-------------------------------------+-----
Axes           | 3 4 5 7 8 10 11 12 13 | 13.7
Fighting       | 4 5 6 8 10 11 12 13 | 13.0
Armour         | 4 5 6 7 9 10 11 12 | 12.0
Invocations    | 4 7 9 10 | 10.8
Shields        | |  3.3

Action                   |  1- 3 |  4- 6 |  7- 9 | 10-12 || total
-------------------------+-------+-------+-------+-------++-------
Melee: War axe           |   153 |   182 |   434 |   693 ||  1462
Throw: Stone             |       |       |     3 |     2 ||     5
Invok: Upheaval          |       |       |       |     4 ||     4
       Elemental Force   |       |       |       |     3 ||     3
Evoke: Wand              |       |       |     3 |     9 ||    12
  Use: Scroll            |     3 |     2 |     7 |    20 ||    32
       Potion            |     2 |       |     4 |     7 ||    13
  Eat: Chunk             |     2 |    21 |    27 |    29 ||    79
Armor: Scale mail        |    83 |    93 |    16 |       ||   192
       Chain mail        |       |       |   111 |       ||   111
       Plate armour      |       |       |    90 |   368 ||   458
Dodge: Dodged            |    47 |    50 |    85 |   117 ||   299
Block: Shield            |    89 |    88 |   273 |   494 ||   944
       Other             |       |       |       |    10 ||    10
